 Dungeon Crawl Stone Soup version 0.28-a0-476-g0f06bd746f (webtiles) character file.

Game seed: 14839775667551920325

49 p0werm0de the Skirmisher (level 4, -5/36 HPs)
             Began as a Djinni Chaos Knight on Sept 16, 2021.
             Was a Plaything of Xom.
             Slain by Jessica the hog (shapeshifter) (11 damage)
             ... on level 2 of the Dungeon.
             The game lasted 00:00:43 (1835 turns).

p0werm0de the Skirmisher (Djinni Chaos Knight)      Turns: 1835, Time: 00:00:44

Health: -5/36      AC:  6    Str: 12    XL:     4   Next: 1%
Gold:   65         EV: 12    Int: 13    God:    Xom [.*....] SH:  5 Dex: 13

rFire   + + +      SeeInvis .   a - +0 hand axe (chaos)
rCold   . . .      Faith    .   (no shield)
rNeg    . . .      Spirit   .   b - +2 leather armour
rPois   ∞          Reflect  +   (no helmet)
rElec   +          Harm     .   d - +0 cloak
rCorr   +          Rampage  .   (no gloves)
Will    .....                   (boots unavailable)
Stlth   +.........              c - amulet of reflection
HPRegen 0.12/turn               (no ring)
MPRegen 0.00/turn               (no ring)

@: resistant, flying
A: sickness immunity, fire resistance 2, cold vulnerability 1, float, innate
caster, hp casting, extra vitality 1
a: Renounce Religion


You were on level 2 of the Dungeon.
You worshipped Xom.
You were a plaything of Xom.
You visited 1 branch of the dungeon, and saw 2 of its levels.

You collected 65 gold pieces.

Inventory:

Hand Weapons
 a - a +0 hand axe of chaos (weapon)
Armour
 b - a +2 leather armour (worn)
 d - a +0 cloak (worn)
   (You found it on level 1 of the Dungeon)
Jewellery
 c - an amulet of reflection (around neck)
   (You found it on level 1 of the Dungeon)


   Skills:
 * Level 3.6 Fighting
 * Level 2.9 Axes
 * Level 2.1 Armour
 - Level 2.1 Dodging


You had 2 spell levels left.
You knew the following spells:

 Your Spells              Type           Power      Damage    Failure   Level
a - Sting                 Tmut/Pois      0%         1d3       36%         1
Your spell library was empty.

Dungeon Overview and Level Annotations

Branches:
Dungeon (2/15)

Altars:

Annotations:
D:2 Jessica


Innate Abilities, Weirdness & Mutations

You are immune to sickness and miasma.
You are immune to poison.
Your flesh is very heat resistant. (rF++)
You are vulnerable to cold. (rC-)
You float through the air rather than walking.
You learn spells naturally, not from books.
Your magical power is your life essence.
You have superior vitality. (+4 HP)


Message History

Jessica zaps a wand.
The puff of flame hits you. You resist.
You are too injured to fight recklessly!
You are too injured to fight recklessly!
You are too injured to fight recklessly!
You are too injured to fight recklessly!
You are too injured to fight recklessly!
You are too injured to fight recklessly!
You are too injured to fight recklessly!
You are too injured to fight recklessly!
You are too injured to fight recklessly!
Okay, then.
It was a potion of resistance.
You feel protected.
Jessica casts a spell.
Jessica blinks!
You are too injured to fight recklessly!
You are too injured to fight recklessly!
You are too injured to fight recklessly!
You are too injured to fight recklessly!
You are too injured to fight recklessly!
You are too injured to fight recklessly!
Jessica gestures wildly while chanting.
Jessica blinks!
You barely miss Jessica. Jessica hits you with a +0 club.
Jessica points at you and mumbles some strange words.
You barely resist. You barely miss Jessica. You block Jessica's attack.
You hit Jessica.
Jessica changes into a shapeshifter!
Jessica the shapeshifter changes into a hog!
You closely miss Jessica. You block Jessica's attack.
You barely miss Jessica. Jessica bites you. Jessica bites you!
* * * LOW HITPOINT WARNING * * *
You hit Jessica. You burn Jessica.
Jessica is lightly wounded.
You hear Xom's avuncular chuckle.
Jessica suddenly seems more resistant.
You are now a plaything of Xom.
Jessica bites you!
You die...
Xom snickers!

#.#.#.# #.## #..# ##.#
#.#.#.# #... #..# ###
#.#.#.# #.#. #>.#
#.....# #.#. #÷.#
####.#.#.###.#. #[.#
..........## #. #..#
.....#.#.###.#.####..#
####....###..........#
#........#...@h..##
########....######
####. #. #. #. .. ##


You could see Jessica the hog shaped shifter (resistant).

Vanquished Creatures
  An adder (D:2)
  A worm (D:2)
  2 dart slugs
  2 ball pythons
  5 endoplasms
  3 giant cockroaches
  A goblin (D:1)
  3 hobgoblins
  3 bats
  5 frilled lizards (D:1)
  3 kobolds
  A rat (D:2)
30 creatures vanquished.

Notes
Turn   | Place    | Note
-------+----------+-------------------------------------------
     0 | D:1      | p0werm0de the Djinni Chaos Knight began the quest for the
                  | Orb.
     0 | D:1      | Reached XP level 1. HP: 20/20 MP: 0/0
   198 | D:1      | XOM: divination: detect creatures
   291 | D:1      | Reached XP level 2. HP: 25/25 MP: 0/0
   376 | D:1      | XOM: silly message
   711 | D:1      | XOM: silly message
   803 | D:1      | Reached XP level 3. HP: 30/30 MP: 0/0
   803 | D:1      | Learned a level 1 spell: Sting
  1149 | D:2      | XOM: smoke on damage
  1409 | D:2      | Found a faded altar of an unknown god.
  1527 | D:2      | XOM: cloud trail
  1614 | D:2      | XOM: cloud trail
  1737 | D:2      | Reached XP level 4. HP: 20/36 MP: 0/0
  1821 | D:2      | Noticed Jessica
  1821 | D:2      | XOM: 1-stop teleportation journey
  1832 | D:2      | Noticed Jessica
  1832 | D:2      | Jessica changed into Jessica the shapeshifter
  1832 | D:2      | Noticed Jessica
  1832 | D:2      | Jessica the shapeshifter changed into Jessica the hog
  1835 | D:2      | XOM: enchant monster (bad)
  1835 | D:2      | Slain by Jessica the hog (shapeshifter)

Illustrated notes

Levels and vault maps discovered:
D:1:      minmay_arrival_semitransparent, layout_loops_corners
D:2:      layout_loops_ring, ebering_ecumenical_altar_box, uniq_jessica

Skill      XL: |  1  2  3 |
---------------+----------+-----
Armour         | 2 |  2.1
Fighting       | |  3.6
Axes           | |  2.9
Dodging        | |  2.1

Action                   |  1- 3 |  4- 6 || total
-------------------------+-------+-------++-------
Melee: Hand axe          |    78 |     6 ||    84
  Use: Scroll            |     1 |       ||     1
       Potion            |       |     1 ||     1
Armor: Leather armour    |    29 |       ||    29
Dodge: Dodged            |    34 |       ||    34
Block: Other             |    11 |     2 ||    13

Table legend: (Time is in decaauts)
 A = Elapsed time spent in this place.
 B = Non-inter-level travel time spent in this place.
 C = Inter-level travel time spent in this place.
 D = Time resting spent in this place.
 E = Time spent auto-exploring this place.
 F = Levels seen in this place.
 G = Mean time per level.
                   A        B        C        D        E       F      G
               +--------+--------+--------+--------+--------+-----+--------+
         Total |   1848 |   1791 |     57 |      0 |   1558 |   2 |  924.0 |
       Dungeon |   1848 |   1791 |     57 |      0 |   1558 |   2 |  924.0 |
               +--------+--------+--------+--------+--------+-----+--------+

Top non-repeatable levels by time:
     D:1: 1069 daAuts
     D:2: 779 daAuts
